 Dungeon Crawl Stone Soup version 0.19.1-1-g22dce08 (webtiles) character file.

751 Jynx the Vexing (level 7, -1/46 HPs)
             Began as a Vampire Enchanter on Jan 17, 2017.
             Slain by Prince Ribbit (14 damage)
             ... on level 5 of the Dungeon.
             The game lasted 00:09:26 (6181 turns).

Jynx the Vexing (Vampire Enchanter)                 Turns: 6181, Time: 00:09:26

Health: -1/46      AC:  0    Str:  7    XL:     7   Next: 49%
Magic:  3/10       EV: 23    Int: 17    God:
Gold:   210        SH:  0    Dex: 22    Spells: 3 memorised, 4 levels left

rFire  . . .     SeeInvis +     (weapon currently unavailable)
rCold  + . .     Gourm    .     (armour currently unavailable)
rNeg   + + .     Faith    .     (shield currently unavailable)
rPois  +         Spirit   .     (helmet currently unavailable)
rElec  .         Reflect  .     (cloak currently unavailable)
rCorr  .         Harm     .     (gloves currently unavailable)
MR     .....                    (boots currently unavailable)
Stlth  ++++++....               (no amulet)
                                (ring currently unavailable)
                                (ring currently unavailable)

@: bat-form, flying, regenerating slowly, very quick
A: fangs 3, see invisible, (unbreathing)
a: End Transformation


You were on level 5 of the Dungeon.
You were thirsty.
You were in vampire-bat-form.
You visited 2 branches of the dungeon, and saw 6 of its levels.

You collected 210 gold pieces.

Inventory:

Hand Weapons
 a - a +1 dagger (melded)
Armour
 b - a +2 robe (melded)
Jewellery
 l - a ring of protection from magic (melded)
 r - a cursed ring of teleportation {unknown}
Scrolls
 d - a scroll of fog {unknown}
 e - 2 scrolls of remove curse
 h - 3 scrolls of immolation {unknown}
 k - 2 scrolls of enchant weapon {unknown}
 m - 2 scrolls of identify
Potions
 f - 2 potions of curing
 g - 2 potions of agility {unknown}
 i - a potion of haste {unknown}
 j - a potion of beneficial mutation {unknown}
 n - a potion of magic {unknown}
 o - 2 potions of heal wounds {unknown}
 p - a potion of invisibility {unknown}
 q - a potion of cancellation {unknown}
Books
 c - a book of Maledictions

   Spells                             Type                      Level
   a - Corona                         Hexes                        1
   b - Ensorcelled Hibernation        Hexes/Ice                    2
   c - Confuse                        Hexes                        3
   d - Tukima's Dance                 Hexes                        3
   e - Dazzling Spray                 Conjuration/Hexes            3


   Skills:
 * Level 5.8 Short Blades
 + Level 4.3 Dodging
 + Level 7.0 Stealth
 - Level 2.0 Spellcasting
 + Level 7.2 Hexes


You had 4 spell levels left.
You knew the following spells:

 Your Spells              Type           Power        Failure   Level  Hunger
a - Corona                Hex            ####...      1%          1    #......
b - Ensorcelled Hibernat  Hex/Ice        ##....       10%         2    ###....
c - Confuse               Hex            ####....     3%          3    ###....


Dungeon Overview and Level Annotations

Branches:
Dungeon (5/15)             Temple (1/1) D:4

Altars:
Elyvilon
Fedhas
Gozag
Kikubaaqudgha
Okawaru
Qazlal
Ru
Sif Muna
Trog
Uskayaw
Xom
Yredelemnul
The Shining One

Annotations:
D:5 Prince Ribbit


Innate Abilities, Weirdness & Mutations

You heal slowly.
You have razor-sharp teeth.
You have supernaturally acute eyesight. (SInv)
((You can survive without breathing.))


Message History

Casting: Ensorcelled Hibernation
Confirm with . or Enter, or press ? or * to list all spells.
Aiming: Ensorcelled Hibernation
Press: ? - help, Shift-Dir - straight line, f/p - Prince Ribbit
Aim: Prince Ribbit (chance to defeat MR: 27%) Prince Ribbit easily resists.
Prince Ribbit hits you! The quokka bites you.
You turn into a vampire bat.
Your +1 dagger melds into your body.
Your +2 robe melds into your body.
Your ring of protection from magic melds into your body.
Prince Ribbit misses you. The quokka completely misses you.
Prince Ribbit completely misses you. The quokka barely misses you.
Unknown command.
Prince Ribbit blinks!
Prince Ribbit hits you!!
* * * LOW HITPOINT WARNING * * *
Prince Ribbit misses you.
Prince Ribbit blinks!
Prince Ribbit winks and puckers his lips.
Prince Ribbit hits you!
You die...

..#...####### .###..## # ##..#
##.# # ##..# .###...# #.#.#..#
###
##.##..#######################...
...##...........b...§r.......%o..
##.#............F#####...........
#....#.#########.# #.#######.##
#.#..#.# ###.#####.# #
#....#.#######....)..>.. ####.#
................. #.#
######.#......... #.#
#.########.. ##.#########.# ..#


You could see Prince Ribbit and a quokka.

Vanquished Creatures
  A sky beast (D:5)
  An ogre (D:4)
  A phantom (D:4)
  2 scorpions (D:4)
  2 orc priests (D:3)
  2 orc wizards (D:3)
  3 worker ants (D:4)
  9 adders
  4 gnolls (D:4)
  An ooze (D:1)
  A worm (D:2)
  3 dart slugs
  A leopard gecko (D:2)
  7 orcs (D:3)
  4 ball pythons
  4 giant cockroaches
  5 goblins
  7 hobgoblins
  3 jackals (D:4)
  A quokka (D:3)
  4 bats
  3 frilled lizards
  9 kobolds
  7 rats
85 creatures vanquished.

Notes
Turn   | Place    | Note
-------+----------+-------------------------------------------
     0 | D:1      | Jynx the Vampire Enchanter began the quest for the Orb.
     0 | D:1      | Reached XP level 1. HP: 13/13 MP: 3/3
   146 | D:1      | Reached XP level 2. HP: 4/19 MP: 5/5
  1232 | D:2      | Reached skill level 5 in Hexes
  1232 | D:2      | Reached XP level 3. HP: 12/24 MP: 6/6
  2300 | D:2      | Learned a level 2 spell: Ensorcelled Hibernation
  2304 | D:2      | Learned a level 3 spell: Confuse
  2691 | D:2      | Reached XP level 4. HP: 30/30 MP: 7/7
  3032 | D:3      | Reached skill level 5 in Stealth
  3365 | D:3      | Reached XP level 5. HP: 21/35 MP: 5/8
  4590 | D:3      | Found a hide-covered altar of Uskayaw.
  5159 | D:4      | Reached XP level 6. HP: 41/41 MP: 9/9
  5341 | D:4      | Found a staircase to the Ecumenical Temple.
  5346 | Temple   | Entered the Ecumenical Temple
  5368 | Temple   | Became a worshipper of Yredelemnul the Dark
  5398 | D:4      | Reached skill level 5 in Short Blades
  5544 | D:4      | Reached XP level 7. HP: 46/46 MP: 7/10
  5926 | D:4      | Found a shimmering altar of Xom.
  5930 | D:4      | Found an iron altar of Okawaru.
  5930 | D:4      | Found a blossoming altar of Fedhas.
  5946 | D:4      | Found an opulent altar of Gozag.
  5950 | D:4      | Found a deep blue altar of Sif Muna.
  6085 | D:5      | Entered Level 5 of the Dungeon
  6101 | D:5      | Fell from the grace of Yredelemnul
  6159 | D:5      | Noticed Prince Ribbit
  6181 | D:5      | Slain by Prince Ribbit

Skill      XL: |  1  2  3  4  5  6  7 |
---------------+----------------------+-----
Short Blades   | 2 3 4 5 |  5.8
Hexes          | 5 6 7 |  7.2
Stealth        | 5 6 7 |  7.0
Dodging        | 3 4 |  4.3
Spellcasting   | |  2.0

Action                   |  1- 3 |  4- 6 |  7- 9 || total
-------------------------+-------+-------+-------++-------
Melee: Dagger            |   172 |   163 |    15 ||   350
       Bite              |    14 |    18 |     1 ||    33
 Cast: Corona            |     2 |     2 |       ||     4
       Ensorcelled Hiber |       |    22 |    12 ||    34
       Confuse           |       |     4 |       ||     4
Invok: Renounce Religion |       |       |     1 ||     1
 Abil: Bat Form          |       |       |     1 ||     1
  Use: Scroll            |     4 |     3 |       ||     7
 Stab: Sleeping          |    10 |    18 |    11 ||    39
       Distracted        |     1 |       |       ||     1
       Confused          |       |     3 |       ||     3
  Eat: Corpse            |     6 |     9 |     1 ||    16
Armor: Robe              |    47 |    19 |     3 ||    69
Dodge: Dodged            |    87 |    85 |    14 ||   186
